AoeStats
← el_monaguillo

Highland

505968894Analyzed
2v2 RM · 21d ago on Sep 11, 2026· 50m 58s· 4 players
Game mode
Random Map
Map size
Medium (4 player)
Population
200
Speed
Normal
Resources
Standard
Victory
Conquest
Starting age
Dark Age
Ending age
Imperial Age
RankedLock teamsTeams togetherTeam positionsShared explorationLock speedFull tech treeHidden civsTurbo modeCheats
Victory
Defeat
🇪🇸 Goths · Spain
869
+14
🇪🇸 Spanish · Spain
821
+22
🇺🇸 Persians · United States
833
-38
🇺🇸 Bohemians · United States
818
-39
kaib1249
8:24 Loom
12:54 Feudal Age
13:57 Double-Bit Axe
14:13 Horse Collar
20:24 Castle Age
22:14 Fletching
23:54 Sanctity
29:10 Wheelbarrow
32:48 Imperial Age
32:27 Wagenburg Tactics
33:19 Heavy Plow
34:03 Conscription
34:10 Block Printing
35:43 Hand Cart
36:28 Bodkin Arrow
37:09 Redemption
37:44 Murder Holes
38:11 Ballistics
37:52 Town Watch
40:24 Guard Tower
41:15 Theocracy
40:57 Fervor
41:18 Illumination
42:12 Bow Saw
43:33 Chemistry
43:09 Keep
43:15 Keep
43:45 Hussite Reforms
harpua44
7:32 Loom
9:51 Feudal Age
15:32 Gold Mining
15:29 Double-Bit Axe
25:52 Castle Age
25:27 Bloodlines
25:26 Scale Barding Armor
26:45 Horse Collar
28:02 Husbandry
28:42 Chain Barding Armor
30:58 Forging
35:03 Fletching
38:02 Bodkin Arrow
38:47 Bow Saw
39:44 Heavy Plow
42:22 Iron Casting
45:31 Imperial Age
43:40 Wheelbarrow
42:50 Town Watch
44:47 Gold Shaft Mining
45:44 Ballistics
49:28 Chemistry
48:46 Cavalier
Jelt
10:06 Feudal Age
11:07 Man-at-Arms
16:23 Forging
17:58 Scale Mail Armor
20:44 Horse Collar
21:24 Bloodlines
22:34 Wheelbarrow
24:42 Castle Age
24:19 Scale Barding Armor
25:55 Double-Bit Axe
27:12 Pikeman
27:52 Squires
28:23 Bow Saw
29:46 Caravan
32:11 Anarchy
38:40 Imperial Age
39:07 Onager
41:48 Wheelbarrow
41:48 Heavy Plow
42:20 Perfusion
42:58 Gold Mining
44:13 Crop Rotation
45:08 Sappers
46:01 Conscription
45:44 Elite Huskarl
47:29 Iron Casting
47:10 Chain Mail Armor
el_monaguillo
11:58 Feudal Age
12:04 Man-at-Arms
14:17 Wheelbarrow
13:35 Double-Bit Axe
14:52 Horse Collar
15:30 Scale Mail Armor
18:53 Forging
18:50 Loom
21:16 Town Watch
22:32 Scale Barding Armor
25:43 Castle Age
27:22 Gold Mining
27:22 Stone Mining
27:27 Gold Mining
27:52 Heavy Plow
29:11 Iron Casting
28:51 Chain Mail Armor
29:27 Stone Shaft Mining
30:45 Hand Cart
30:01 Long Swordsman
31:06 Squires
30:28 Pikeman
32:21 Town Patrol
33:18 Gambesons
33:58 Chain Barding Armor
34:01 Arson
34:32 Fervor
34:43 Sanctity
36:12 Bow Saw
39:04 Ballistics
38:35 Guard Tower
38:41 Murder Holes
40:25 Masonry
41:09 Inquisition
44:00 Imperial Age
42:22 Husbandry
41:43 Light Cavalry
42:35 Bloodlines
44:24 Elite Conquistador
45:47 Hoardings
45:40 Conscription
45:01 Two-Handed Swordsman
47:04 Chemistry
47:56 Caravan
50:02 Sappers
50:58 Supremacy
Connection lost

Rejoining the realm…

Still unreachable

The connection could not be restored.

Session expired

The server has moved on; the page needs a fresh start.